 Dungeon Crawl Stone Soup version 0.28.0-53-g5a82cb258f (webtiles) character file.

Game seed: 14634131665143138880

63 DildoBatman the Conjurer (level 4, -5/30 HPs)
             Began as a Formicid Conjurer on May 29, 2022.
             Slain by an orc
             ... wielding a +0 flail
              (6 damage)
             ... on level 3 of the Dungeon.
             The game lasted 00:02:49 (808 turns).

DildoBatman the Conjurer (Formicid Conjurer)         Turns: 808, Time: 00:02:49

Health: -5/30      AC:  3    Str: 12    XL:     4   Next: 31%
Magic:  1/7        EV: 12    Int: 17    God:
Gold:   10         SH:  0    Dex: 11    Spells: 4/7 levels left

rFire   . . .      SeeInvis +   g - +0 mace
rCold   . . .      Faith    .   (no shield)
rNeg    . . .      Spirit   .   a - +0 robe
rPois   .          Reflect  .   (helmet unavailable)
rElec   .          Harm     .   f - +0 cloak
rCorr   .          Rampage  .   (no gloves)
Will    .....                   (no boots)
Stlth   ++........              (no amulet)
HPRegen 0.10/turn               (no ring)
MPRegen 0.10/turn               (no ring)

@: no status effects
A: permanent stasis, dig shafts and tunnels, antennae 3, four strong arms
a: Dig, Shaft Self


You were on level 3 of the Dungeon.
You visited 1 branch of the dungeon, and saw 3 of its levels.

You collected 10 gold pieces.

Inventory:

Hand Weapons
 g - a +0 mace (weapon)
Missiles
 b - 21 arrows
 c - 50 stones
 e - 35 sling bullets
Armour
 a - a +0 robe (worn)
 f - a +0 cloak (worn)
Scrolls
 d - a scroll of identify {unknown}
Potions
 h - a potion of might {unknown}


   Skills:
 - Level 1.7 Dodging
 - Level 2.4 Stealth
 - Level 2.1 Spellcasting
 * Level 5.0 Conjurations


You had 4 spell levels left.
You knew the following spells:

 Your Spells              Type           Power      Damage    Failure   Level
a - Searing Ray           Conj           38%        2d5       3%          2
c - Magic Dart            Conj           76%        1d6       2%          1

Your spell library contained the following spells:

 Spells                   Type           Power      Damage    Failure   Level
 Sting                    Tmut/Pois      4%         1d3       19%         1
 Dazzling Flash           Conj/Hex       20%        N/A       21%         3
 Poisonous Vapours        Pois/Air       2%         N/A       28%         2
 Fulminant Prism          Conj/Hex       5%         3d7       54%         4
 Iskenderun's Mystic Bla  Conj/Tloc      10%        2d4       54%         4
 Olgreb's Toxic Radiance  Pois           1%         N/A       88%         4


Dungeon Overview and Level Annotations

Branches:
Dungeon (2/15)

Altars:

Annotations:
D:1 1 exclusion


Innate Abilities, Weirdness & Mutations

You cannot be hasted, slowed, berserked, paralysed or teleported.
You can dig through walls and to a lower floor.
You have a pair of large antennae on your head. (SInv)
Your four strong arms can wield two-handed weapons with a shield.


Message History

Anything else - Cancel.
You shout for attention!
The orc wizard hits you with a +0 dagger.
The orc barely misses you. The endoplasm freezes you.
You are frozen.
An endoplasm comes into view.
What are your orders? t - Shout!
Orders for allies: a - Attack new target. r - Retreat! s - Stop attacking. g - Guard the area. f - Follow me.
Anything else - Cancel.
You shout for attention!
The orc wizard hits you but does no damage.
The orc hits you with a +0 club. The endoplasm freezes you.
You are frozen.
What are your orders? t - Shout!
Orders for allies: a - Attack new target. r - Retreat! s - Stop attacking. g - Guard the area. f - Follow me.
Anything else - Cancel.
You shout for attention!
The orc wizard hits you with a +0 dagger.
The orc hits you with a +0 club. The endoplasm closely misses you.
What are your orders? t - Shout!
Orders for allies: a - Attack new target. r - Retreat! s - Stop attacking. g - Guard the area. f - Follow me.
Anything else - Cancel.
You shout for attention!
The orc wizard hits you but does no damage.
The orc closely misses you. The endoplasm misses you.
The orc hits you with a +0 flail.
You die...

#######
##.....##
##.......##
#.........#
#.........#
#.?.J.....#
#...@o...<#
#..ooo....#
##...o...##
#.....o...#
#.......J.#
#..........#
#...........
#...........


You could see an orc wizard (invisible), 5 orcs and 2 endoplasms.

Vanquished Creatures
  A hound (D:2)
  2 dart slugs
  3 endoplasms
  A giant cockroach (D:1)
  A goblin (D:1)
  4 hobgoblins
  5 kobolds
  2 quokkas (D:1)
  3 ball pythons (D:1)
  4 bats (D:1)
  A frilled lizard (D:1)
  4 rats
31 creatures vanquished.

Vanquished Creatures (others)
  5 plants (D:1)
  11 withered plants (D:1)
16 creatures vanquished.

Grand Total: 47 creatures vanquished

Notes
Turn   | Place    | Note
-------+----------+-------------------------------------------
     0 | D:1      | DildoBatman the Formicid Conjurer began the quest for the
                  | Orb.
     0 | D:1      | Reached XP level 1. HP: 13/13 MP: 3/3
   156 | D:1      | Reached XP level 2. HP: 16/19 MP: 1/5
   166 | D:1      | Reached skill level 4 in Conjurations
   169 | D:1      | Learned a level 2 spell: Searing Ray
   216 | D:1      | Found a faded altar of an unknown god.
   418 | D:1      | Reached XP level 3. HP: 19/24 MP: 1/6
   794 | D:2      | Reached skill level 5 in Conjurations
   794 | D:2      | Reached XP level 4. HP: 20/30 MP: 0/7
   797 | D:2      | You fall into a shaft and drop 1 floor!
   807 | D:3      | HP: 1/30 [orc/+0 club (5)]
   808 | D:3      | Slain by an orc

Illustrated notes

Levels and vault maps discovered:
D:1:      minmay_arrival_cross, layout_rooms,
          shapermc_ecumenical_altar_flowoftime, corexii_item_surrounded_by_moat
D:2:      layout_rooms, basic_altar, uniq_terence
D:3:      layout_rooms, kennysheep_okawaru_gauntlet,
          gammafunk_ghost_gnarly_gnolls, minmay_checkerbox

Skill      XL: |  1  2  3 |
---------------+----------+-----
Conjurations   | 4 5 |  5.0
Dodging        | |  1.7
Stealth        | |  2.4
Spellcasting   | |  2.1

Action                   |  1- 3 |  4- 6 || total
-------------------------+-------+-------++-------
Melee: Short sword       |    33 |       ||    33
       Mace              |    20 |       ||    20
 Cast: Magic Dart        |    41 |       ||    41
       Searing Ray       |     2 |       ||     2
 Abil: Shaft Self        |       |     1 ||     1
 Stab: Sleeping          |     1 |       ||     1
Armor: Robe              |     9 |     3 ||    12
Dodge: Dodged            |    20 |     6 ||    26
